 Dungeon Crawl Stone Soup version 0.25-a0-2-g6559c6c67a (webtiles) character file.

Game seed: 1790451820689178668, levelgen mode: deterministic

5208 MrRokkomies the Carver (level 10, -2/63 HPs)
             Began as a Vampire Gladiator on Oct 14, 2019.
             Was an Elder of Kikubaaqudgha.
             Slain by an ogre
             ... wielding a +0 giant club
              (19 damage)
             ... on level 10 of the Dungeon.
             The game lasted 00:28:26 (7605 turns).

MrRokkomies the Carver (Vampire Gladiator)          Turns: 7605, Time: 00:28:26

Health: -2/63      AC:  9    Str: 20    XL:     10   Next: 35%
Magic:  10/10      EV: 11    Int: 13    God:    Kikubaaqudgha [****..]
Gold:   611        SH: 13    Dex: 15    Spells: 1/9 levels left

rFire    + . .     SeeInvis +   a - +11 rapier "Dikubbaj" {freeze, Str+5}
rCold    + + .     Gourm    .   s - +2 shield {reflect}
rNeg     + + +     Faith    .   A - +1 ring mail {rF+}
rPois    ∞         Spirit   .   c - +1 helmet
rElec    .         Reflect  +   (no cloak)
rCorr    +         Harm     .   (no gloves)
MR       +....                  n - +0 pair of boots
Stlth    +++.......             g - amulet of regeneration
HPRegen  0.00/turn              p - ring of resist corrosion
MPRegen  0.12/turn              (no ring)

@: bloodless, regenerating quickly, studying Fighting
A: no food, fangs 3, see invisible, unbreathing
a: Bat Form, Revivify, Receive Corpses, Renounce Religion


You were on level 10 of the Dungeon.
You worshipped Kikubaaqudgha.
Kikubaaqudgha was greatly pleased with you.
You were bloodless.

You visited 1 branch of the dungeon, and saw 10 of its levels.
You also visited: Ossuary.

You collected 611 gold pieces.

Inventory:

Hand Weapons
 a - the +11 rapier "Dikubbaj" (weapon) {freeze, Str+5}
   (You found it on level 9 of the Dungeon)

   It has been specially enchanted to freeze those struck by it, causing extra
   injury to most foes and up to half again as much damage against particularly
   susceptible opponents.
   It can also slow down cold-blooded creatures.
   It affects your strength (+5).
 B - a +7 short sword
 I - a +1 long sword
Missiles
 d - 3 throwing nets
 e - 7 boomerangs (quivered)
 k - 35 poisoned darts
 q - 5 curare-tipped darts
 D - 8 javelins
Armour
 c - a +1 helmet (worn)
 n - a +0 pair of boots (worn)
 s - a +2 shield of reflection (worn)
 A - a +1 ring mail of fire resistance (worn)
Jewellery
 g - an amulet of regeneration (around neck)
 p - a ring of resist corrosion (left hand)
 z - an uncursed amulet of harm {unknown}
Wands
 b - a wand of digging (6)
 y - a wand of disintegration (7)
 H - a wand of polymorph (3)
 M - a wand of enslavement (6)
Scrolls
 m - 3 scrolls of teleportation
 o - 3 scrolls of enchant weapon
 r - 2 scrolls of amnesia
 v - 2 scrolls of blinking
 F - 2 scrolls of identify
 G - 2 scrolls of remove curse
 J - a scroll of immolation
 K - a scroll of fear {unknown}
 L - a scroll of magic mapping
Potions
 f - 4 potions of agility
 h - 7 potions of curing
 i - 4 potions of haste
 j - 3 potions of cancellation
 l - a potion of magic
 t - a potion of invisibility
 u - a potion of brilliance
 w - 2 potions of berserk rage
 x - a potion of heal wounds
 C - a potion of resistance
Books
 E - a manual of Fighting


   Skills:
 * Level 7.1 Fighting
 + Level 2.6(7.0) Short Blades
 - Level 9.4(9.5) Long Blades
 - Level 1.5 Throwing
 - Level 3.2 Dodging
 * Level 7.9 Shields
 + Level 6.3 Necromancy


You had one spell level left.
You knew the following spells:

 Your Spells              Type           Power        Failure   Level  Hunger
a - Corpse Rot            Necr           N/A          16%         2    N/A
b - Blink                 Tloc           N/A          90%         2    N/A
c - Animate Dead          Necr           N/A          69%         4    N/A

Your spell library contained the following spells:

 Spells                   Type           Power        Failure   Level  Hunger
 Pain                     Necr           ###.         10%         1    N/A
 Flame Tongue             Conj/Fire      #....        80%         1    N/A
 Infusion                 Chrm           #...         80%         1    N/A
 Magic Dart               Conj           #...         80%         1    N/A
 Sublimation of Blood     Necr           ###.......   16%         2    N/A
 Vampiric Draining        Necr           ###.......   30%         3    N/A
 Regeneration             Chrm/Necr      #.........   75%         3    N/A
 Call Imp                 Summ           #.......     90%         2    N/A
 Shroud of Golubria       Chrm/Tloc      #.....       90%         2    N/A
 Slow                     Hex            #.......     90%         2    N/A
 Song of Slaying          Chrm           #.......     90%         2    N/A
 Throw Flame              Conj/Fire      #.....       90%         2    N/A
 Agony                    Necr           ###.....     95%         5    N/A
 Dispel Undead            Necr           ###.....     95%         5    N/A
 Conjure Flame            Conj/Fire      #.......     99%         3    N/A
 Inner Flame              Hex/Fire       #.......     99%         3    N/A
 Mephitic Cloud           Conj/Pois/Air  #.......     99%         3    N/A
 Spectral Weapon          Hex/Chrm       #.......     99%         3    N/A
 Sticky Flame             Conj/Fire      #.......     100%        4    N/A
 Borgnjor's Vile Clutch   Necr/Erth      #.........   100%        5    N/A
 Fireball                 Conj/Fire      #.........   100%        5    N/A
 Simulacrum               Ice/Necr       #.........   100%        6    N/A

Dungeon Overview and Level Annotations

Branches:
Dungeon (10/15)            Temple (0/1) D:5         Ossuary (visited)
   Lair: D:8-11         Orc: D:9-12

Altars:
Cheibriados
Dithmenos
Kikubaaqudgha
Trog
Uskayaw
Xom
Yredelemnul

Shops:
D:10 !


Innate Abilities, Weirdness & Mutations

You do not eat.
You do not regenerate when monsters are visible.
You are frail without blood (-20% HP).
You can heal yourself when you bite living creatures.
You are immune to poison.
You have razor-sharp teeth.
You have supernaturally acute eyesight. (SInv)
You can survive without breathing.


Message History

Things that are here:
a +0 flail; a +0 ring mail An ogre comes into view.
It is wielding a +0 giant club.
You block the orc wizard's attack.
There is an open door here.
You barely miss the orc wizard. You block the orc wizard's attack.
You hit the orc wizard. You freeze the orc wizard.
The orc wizard is heavily wounded.
The orc wizard hits you but does no damage.
Things that are here:
a +0 flail; a +0 ring mail You puncture the ogre!
You freeze the ogre.
The ogre is heavily wounded.
The ogre hits you with a +0 giant club!
* * * LOW HITPOINT WARNING * * *
You puncture the ogre! You freeze the ogre.
The ogre is severely wounded.
The ogre hits you with a +0 giant club!!
You die...
Kikubaaqudgha rasps: "You have failed me!
Welcome... oblivion!"

#....... #####'#####
.....# #......(..#
†..### #.#.....#)#
..## #.#..†(.#(# .##
#####.#.%...#.##### .#
##.....##...##.....#
##
##..###..#...#..###..#
# #..## #..##%##..# .#
# #.## ##..###@.## #
#.# ##..oO.##
####.#### ###'###
#.......# #.......#
..#####..#..#####..#
.## .#. .# .# # # .#
.#


You could see an ogre and an orc wizard.

Vanquished Creatures
  2 two-headed ogres
  A troll (D:10)
  2 hippogriffs
  Sigmund (D:4)
  A wyvern (D:9)
  A sky beast (D:10)
  2 ice beasts
  2 black bears (D:8)
  2 phantoms
  An ogre (D:7)
  A centaur (D:10)
  5 bullfrogs
  6 water moccasin zombies (Ossuary)
  2 scorpions (D:9)
  A wight (D:8)
  4 crimson imps
  4 hounds
  5 orc priests
  3 centaur skeletons
  A gnoll shaman (D:7)
  4 jellies
  5 orc wizards
  2 bullfrog skeletons
  2 iguanas
  2 worker ants
  Natasha (twice) (D:4)
  2 killer bee zombies
  2 big kobold zombies (Ossuary)
  2 hound skeletons (D:7)
  2 mummies (Ossuary)
  Robin (D:4)
  15 adders
  8 gnolls
  A shadow imp (D:9)
  8 adder zombies
  An adder skeleton (D:9)
  5 worms
  3 leopard geckos
  27 orcs
  3 ball pythons
  6 giant cockroaches
  14 goblins
  8 hobgoblins
  11 jackals
  4 kobolds
  6 quokkas
  10 bats
  3 frilled lizards
  2 gnoll zombies (Ossuary)
  6 hobgoblin zombies (Ossuary)
  3 kobold zombies (Ossuary)
  A leopard gecko zombie (D:6)
  3 orc zombies (Ossuary)
  A quokka skeleton (D:4)
  6 rats
  2 rat zombies (D:8)
230 creatures vanquished.

Notes
Turn   | Place    | Note
-------+----------+-------------------------------------------
     0 | D:1      | MrRokkomies the Vampire Gladiator began the quest for the
                  | Orb.
     0 | D:1      | Reached XP level 1. HP: 16/16 MP: 1/1
   188 | D:1      | Reached XP level 2. HP: 21/22 MP: 2/2
  1064 | D:2      | Reached XP level 3. HP: 28/28 MP: 3/3
  1324 | D:2      | Reached skill level 4 in Long Blades
  1394 | D:2      | Reached XP level 4. HP: 5/35 MP: 4/4
  1924 | D:3      | Found an ancient bone altar of Kikubaaqudgha.
  1934 | D:3      | Became a worshipper of Kikubaaqudgha
  2182 | D:3      | Reached XP level 5. HP: 28/32 MP: 5/5
  2461 | D:4      | Found a bloodstained altar of Trog.
  2476 | D:4      | Reached skill level 1 in Shields
  2528 | D:4      | Found a basalt altar of Yredelemnul.
  2532 | D:4      | Found a snail-covered altar of Cheibriados.
  2540 | D:4      | Noticed Natasha
  2556 | D:4      | Killed Natasha
  2986 | D:4      | Reached * piety under Kikubaaqudgha
  2986 | D:4      | Identified Kikubaaqudgha's Disquisition on Necromancy
                  | (Kikubaaqudgha gifted it to you on level 4 of the Dungeon)
  2986 | D:4      | Received a gift from Kikubaaqudgha
  3033 | D:4      | Reached skill level 5 in Long Blades
  3033 | D:4      | Reached XP level 6. HP: 35/38 MP: 6/6
  3090 | D:4      | Noticed Sigmund
  3105 | D:4      | Killed Sigmund
  3142 | D:4      | Noticed Robin
  3142 | D:4      | Noticed Natasha
  3170 | D:4      | Killed Natasha
  3182 | D:4      | Killed Robin
  3275 | D:4      | Learned a level 2 spell: Corpse Rot
  3330 | D:5      | Entered Level 5 of the Dungeon
  3390 | D:5      | Reached XP level 7. HP: 40/44 MP: 7/7
  3602 | D:5      | Found a staircase to the Ecumenical Temple.
  3894 | D:6      | Reached skill level 1 in Necromancy
  3898 | D:6      | Reached skill level 5 in Fighting
  3898 | D:6      | Reached skill level 6 in Long Blades
  4076 | D:6      | You fall into a shaft and drop 2 floors!
  4086 | D:8      | Reached ** piety under Kikubaaqudgha
  4123 | D:8      | Found a sand-covered staircase.
  4143 | Ossuary  | Entered an ossuary
  4305 | Ossuary  | Reached XP level 8. HP: 39/49 MP: 8/8
  4442 | Ossuary  | Reached *** piety under Kikubaaqudgha
  4442 | Ossuary  | Identified Kikubaaqudgha's Volume of Necromancy
                  | (Kikubaaqudgha gifted it to you in an ossuary)
  4442 | Ossuary  | Received a gift from Kikubaaqudgha
  4465 | Ossuary  | Reached skill level 7 in Long Blades
  4792 | D:8      | Noticed a cyclops
  4860 | D:8      | Found a hide-covered altar of Uskayaw.
  5224 | D:6      | Learned a level 2 spell: Blink
  5532 | D:7      | Reached skill level 5 in Shields
  5583 | D:7      | Noticed a hippogriff
  5594 | D:7      | Killed a hippogriff
  5594 | D:7      | Reached skill level 8 in Long Blades
  5646 | D:7      | Reached XP level 9. HP: 54/54 MP: 9/9
  5779 | D:7      | Noticed a two-headed ogre
  5796 | D:7      | Killed a two-headed ogre
  5803 | D:7      | Reached skill level 5 in Necromancy
  5817 | D:7      | Reached skill level 9 in Long Blades
  5872 | D:7      | Reached **** piety under Kikubaaqudgha
  6803 | D:9      | Got a polished rapier
  6804 | D:9      | Identified the +11 rapier "Dikubbaj" {freeze, Str+5} (You
                  | found it on level 9 of the Dungeon)
  7008 | D:9      | Reached skill level 1 in Short Blades
  7281 | D:9      | Reached XP level 10. HP: 52/60 MP: 10/10
  7363 | D:9      | Found a shimmering altar of Xom.
  7363 | D:9      | Found a shadowy altar of Dithmenos.
  7408 | D:10     | Entered Level 10 of the Dungeon
  7428 | D:10     | Found Inyali's Distillery.
  7465 | D:10     | Noticed a two-headed ogre
  7475 | D:10     | Killed a two-headed ogre
  7544 | D:10     | Learned a level 4 spell: Animate Dead
  7605 | D:10     | Slain by an ogre

Levels and vault maps discovered:
D:1:      scummos_arrival_simple_crosswalls, layout_basic, minivault_26,
          corexii_hall_statues_l, minmay_misc_feat_chi
D:2:      layout_basic, first_ration, kennysheep_generic_room_7
D:3:      layout_basic, kiku_gazebo_garden_becter, serial_bayou_lake_a
D:4:      layout_basic, cheibriados_altar_1, bloody_trog,
          yredelemnul_altar_generic, uniq_robin, uniq_sigmund, uniq_natasha
D:5:      layout_basic, minmay_temple_entry_overgrown
D:6:      layout_basic
D:7:      layout_loops_ring, minmay_manual_mess
D:8:      minmay_chambers_of_sixes, layout_basic, overflow_temple_1_default,
          enter_ossuary_4
D:9:      layout_loops_ring, gammafunk_temple_overflow_statue
D:10:     minmay_the_grid_plus_closed [minmay_the_grid_mess,
          minmay_the_grid_dragon_b, minmay_the_grid_square_x,
          minmay_the_grid_large_cup, minmay_the_grid_prize_inner_circle],
          layout_cave_pools, enter_trove_5, serial_shops, nicolae_shop_trees,
          uniq_urug

Skill      XL: |  1  2  3  4  5  6  7  8  9 10 |
---------------+-------------------------------+-----
Fighting       | 2 3 4 5 7 |  7.1
Long Blades    | 4 5 6 8 9 |  9.4
Shields        | 1 2 3 5 7 |  7.9
Necromancy     | 2 4 5 6 |  6.3
Short Blades   | 1 2 |  2.6
Throwing       | |  1.5
Dodging        | |  3.2

Action                   |  1- 3 |  4- 6 |  7- 9 | 10-12 || total
-------------------------+-------+-------+-------+-------++-------
Melee: Long sword        |    31 |   199 |   250 |       ||   480
       Bite              |    10 |    20 |    71 |     2 ||   103
       Spear             |    75 |       |       |       ||    75
       Short sword       |       |       |   234 |       ||   234
       Rapier            |       |       |    42 |    35 ||    77
Throw: Boomerang         |     6 |    13 |    10 |     5 ||    34
       Dart              |       |     2 |     1 |       ||     3
       Throwing net      |       |       |     2 |     1 ||     3
 Abil: Exsanguinate      |       |     1 |       |       ||     1
  Use: Scroll            |     5 |     9 |    12 |       ||    26
       Potion            |       |     1 |     1 |       ||     2
 Stab: Sleeping          |     1 |    11 |    13 |     3 ||    28
       Distracted        |       |       |     2 |       ||     2
       Held in net/web   |       |       |     2 |     1 ||     3
Armor: Leather armour    |    38 |    27 |       |       ||    65
       Scale mail        |       |    36 |    12 |       ||    48
       Ring mail         |       |       |   115 |     7 ||   122
Dodge: Dodged            |    80 |    60 |   140 |     6 ||   286
Block: Shield            |    14 |   107 |   256 |    20 ||   397
       Reflection        |     1 |     3 |       |       ||     4
       Rpst.: Long sword |    23 |    18 |    26 |       ||    67

Table legend:
 A = Non-vault XP
 B = Vault XP
 C = Vault XP percentage of total XP
 D = Non-vault monster count
 E = Vault monster count
 F = Vault count percentage of total count
                 A         B        C        D         E       F
            +---------+---------+-------+---------+---------+-------
      Total |    5015 |    2426 |  32.6 |     170 |      60 |  26.1
            +---------+---------+-------+---------+---------+-------
        D:1 |      30 |       0 |   0.0 |      17 |       0 |   0.0
        D:2 |      89 |      16 |  15.2 |      22 |       3 |  12.0
        D:3 |      70 |       0 |   0.0 |      17 |       0 |   0.0
        D:4 |     200 |     301 |  60.1 |      16 |      13 |  44.8
        D:5 |     213 |       0 |   0.0 |       9 |       0 |   0.0
        D:6 |     241 |       0 |   0.0 |      12 |       0 |   0.0
        D:7 |     872 |    1058 |  54.8 |      23 |       5 |  17.9
        D:8 |     624 |     149 |  19.3 |      27 |       6 |  18.2
        D:9 |    1261 |       0 |   0.0 |      21 |       0 |   0.0
       D:10 |    1415 |     307 |  17.8 |       6 |       3 |  33.3
    Ossuary |       0 |     595 | 100.0 |       0 |      30 | 100.0
            +---------+---------+-------+---------+---------+-------
